AoeStats
← Simple Jack, u mad?

Arena

507057842Analyzed
4v4 RM · 17d ago on Sep 16, 2026· 53m 16s· 8 players
Game mode
Random Map
Map size
Large (8 player)
Population
200
Speed
Normal
Resources
Standard
Victory
Conquest
Starting age
Dark Age
Ending age
Imperial Age
RankedLock teamsTeams togetherTeam positionsShared explorationLock speedFull tech treeHidden civsTurbo modeCheats
Victory
Defeat
🇬🇧 Gurjaras · United Kingdom
1602
+18
🇸🇪 Persians · Sweden
1581
+18
🇵🇪 Japanese · Peru
1543
+20
🇨🇳 Jurchens · China
1501
+22
🇨🇳 Jurchens · China
1702
-22
🇨🇿 Koreans · Czechia
1641
-20
🇨🇳 Wei · China
1638
-20
🇷🇺 Cumans · Russia
1552
-16
Simple Jack, u mad?
10:30 Feudal Age
14:04 Castle Age
13:02 Double-Bit Axe
13:00 Horse Collar
15:17 Bow Saw
21:36 Heavy Plow
23:10 Wheelbarrow
23:45 Gold Mining
24:03 Stone Mining
25:21 Scale Barding Armor
26:38 Gold Shaft Mining
26:58 Chain Barding Armor
27:03 Bloodlines
26:55 Husbandry
27:16 Loom
27:46 Hand Cart
27:45 Forging
31:30 Imperial Age
29:53 Iron Casting
30:40 Fletching
32:33 Conscription
32:08 Town Watch
33:01 Plate Barding Armor
32:17 Elite War Elephant
33:41 Crop Rotation
34:43 Blast Furnace
35:33 Two-Man Saw
35:23 Stone Shaft Mining
36:49 Capped Ram
37:42 Siege Ram
38:56 Masonry
39:07 Ballistics
38:32 Light Cavalry
40:48 Hussar
43:52 Bodkin Arrow
45:02 Citadels
50:03 Padded Archer Armor
52:09 Murder Holes
52:46 Architecture
51:41 Heavy Scorpion
52:43 Elite Skirmisher
53:30 Thumb Ring
Pukaso
9:55 Feudal Age
14:26 Castle Age
13:05 Double-Bit Axe
13:39 Loom
14:13 Stone Mining
22:12 Scale Mail Armor
23:53 Arson
25:24 Forging
29:29 Horse Collar
31:26 Chain Mail Armor
31:37 Squires
33:43 Wheelbarrow
35:50 Gold Mining
38:36 Iron Casting
38:24 Heavy Plow
44:14 Imperial Age
42:18 Bow Saw
44:15 Capped Ram
45:02 Siege Engineers
45:36 Plate Mail Armor
47:57 Blast Furnace
48:19 Elite Samurai
Gene_Parmesan__
10:40 Feudal Age
11:57 Double-Bit Axe
14:33 Castle Age
13:00 Horse Collar
15:26 Bow Saw
15:38 Heavy Plow
18:23 Town Watch
19:25 Wheelbarrow
19:03 Loom
21:47 Stone Mining
24:06 Gold Mining
29:23 Imperial Age
27:30 Fletching
27:40 Padded Archer Armor
28:27 Ballistics
28:21 Bodkin Arrow
28:45 Kshatriyas
29:31 Bloodlines
29:21 Husbandry
30:14 Gold Shaft Mining
31:16 Chemistry
30:48 Conscription
30:57 Thumb Ring
30:51 Elite Elephant Archer
32:01 Bracer
33:03 Leather Archer Armor
34:00 Frontier Guards
34:07 Scale Barding Armor
35:54 Hand Cart
37:00 Stone Shaft Mining
37:00 Chain Barding Armor
38:18 Light Cavalry
39:45 Plate Barding Armor
39:21 Forging
39:16 Siege Elephant
41:18 Hussar
43:45 Iron Casting
42:45 Elite Shrivamsha Rider
50:01 Hoardings
49:42 Masonry
49:12 Treadmill Crane
50:24 Coinage
白心悠哉
9:47 Feudal Age
13:17 Castle Age
11:08 Double-Bit Axe
11:54 Horse Collar
14:12 Bow Saw
22:20 Wheelbarrow
22:20 Bow Saw
22:32 Heavy Plow
23:47 Hand Cart
23:28 Gold Mining
23:54 Stone Mining
24:56 Gold Shaft Mining
24:27 Treadmill Crane
25:15 Loom
28:49 Imperial Age
26:51 Scale Barding Armor
26:34 Town Watch
28:01 Stone Shaft Mining
27:38 Forging
27:52 Chain Barding Armor
28:04 Forging
28:40 Husbandry
28:50 Bloodlines
30:03 Iron Casting
30:07 Plate Barding Armor
29:03 Elite Steppe Lancer
30:12 Conscription
32:00 Blast Furnace
32:06 Two-Man Saw
34:31 Two-Man Saw
42:44 Fortified Wall
43:15 Light Cavalry
44:34 Hussar
47:52 Fortified Bastions
48:39 Fletching
50:46 Crop Rotation
53:46 Siege Engineers
54:42 Chemistry
53:53 Masonry
53:40 Murder Holes
54:21 Hoardings
Franczesco
10:10 Feudal Age
13:43 Castle Age
11:47 Double-Bit Axe
12:16 Horse Collar
15:28 Bow Saw
20:27 Wheelbarrow
20:18 Gold Mining
21:16 Loom
21:19 Town Watch
21:35 Stone Mining
22:21 Gold Shaft Mining
27:35 Imperial Age
25:07 Fletching
28:03 Scale Mail Armor
28:13 Forging
27:42 Pikeman
28:29 Squires
28:14 Arson
29:03 Chain Mail Armor
28:28 Halberdier
29:37 Chain Mail Armor
30:51 Plate Mail Armor
31:28 Iron Casting
31:12 Bodkin Arrow
32:00 Ballistics
32:53 Masonry
33:46 Chemistry
33:18 Bracer
33:56 Eupseong
34:42 Arrowslits
35:50 Masonry
35:21 Treadmill Crane
36:03 Conscription
38:59 Architecture
43:31 Hand Cart
44:35 Siege Engineers
45:54 Murder Holes
46:47 Elite Fire Lancer
47:59 Guilds
51:24 Coinage
Welldone
9:50 Feudal Age
11:34 Man-at-Arms
15:17 Arson
15:19 Loom
23:23 Fletching
28:55 Horse Collar
32:51 Castle Age
34:00 Heavy Plow
45:22 Wheelbarrow
47:01 Gold Mining
48:23 Bodkin Arrow
摸鱼种田
10:32 Feudal Age
14:28 Castle Age
12:53 Double-Bit Axe
12:49 Horse Collar
15:44 Bow Saw
16:17 Heavy Plow
24:38 Loom
27:28 Imperial Age
25:51 Wheelbarrow
25:51 Gold Mining
26:52 Hand Cart
26:43 Scale Barding Armor
26:48 Forging
28:04 Chain Barding Armor
27:58 Husbandry
28:08 Bloodlines
27:37 Elite Steppe Lancer
30:05 Iron Casting
30:58 Two-Man Saw
31:05 Plate Barding Armor
32:10 Blast Furnace
36:42 Chemistry
38:26 Treadmill Crane
38:41 Murder Holes
38:57 Masonry
40:18 Coinage
40:21 Architecture
39:57 Siege Engineers
40:47 Fortified Wall
41:02 Conscription
41:30 Fletching
42:08 Bodkin Arrow
45:43 Arrowslits
46:18 Ballistics
46:22 Heavy Rocket Cart
47:58 Bracer
48:47 Fortified Bastions
49:22 Hoardings
48:44 Guard Tower
49:03 Light Cavalry
51:33 Keep
SADXXX
10:58 Feudal Age
14:29 Castle Age
12:21 Double-Bit Axe
12:42 Horse Collar
15:38 Bow Saw
20:05 Heavy Plow
20:52 Gold Mining
21:18 Stone Mining
22:42 Wheelbarrow
26:55 Imperial Age
25:23 Gold Shaft Mining
25:45 Fletching
25:55 Padded Archer Armor
26:39 Ballistics
27:16 Tuntian
27:03 Loom
27:36 Bodkin Arrow
27:56 Leather Archer Armor
28:25 Stone Shaft Mining
28:55 Conscription
28:47 Bloodlines
28:37 Husbandry
28:44 Bracer
29:49 Chemistry
30:00 Ring Archer Armor
30:18 Thumb Ring
32:37 Ming Guang Armor
33:20 Parthian Tactics
34:41 Crop Rotation
34:56 Onager
37:08 Hand Cart
39:05 Masonry
39:31 Hoardings
39:34 Scale Barding Armor
39:39 Forging
40:01 Fortified Wall
39:43 Heavy Hei Guang Cavalry
40:45 Chain Barding Armor
41:05 Hoardings
41:46 Iron Casting
42:50 Light Cavalry
Connection lost

Rejoining the realm…

Still unreachable

The connection could not be restored.

Session expired

The server has moved on; the page needs a fresh start.